 Dungeon Crawl Stone Soup version 0.23.2-40-g277498a001 (webtiles) character file.

Game seed: 10173031710654164026

133 Devam the Sneak (level 5, -2/31 HPs)
             Began as an Octopode Wizard on Sept 6, 2019.
             Killed from afar by an orc wizard (10 damage)
             ... with a magic dart
             ... on level 3 of the Dungeon.
             The game lasted 00:10:46 (3727 turns).

Devam the Sneak (Octopode Wizard)                   Turns: 3727, Time: 00:10:47

Health: -2/31      AC:  1    Str:  6    XL:     5   Next: 16%
Magic:  1/10       EV: 13    Int: 22    God:
Gold:   83         SH:  0    Dex: 10    Spells: 2/10 levels left

rFire    . . .     SeeInvis .   b - +0 dagger
rCold    . . .     Gourm    .   (no shield)
rNeg     . . .     Faith    .   a - +0 hat
rPois    .         Spirit   .   (no amulet)
rElec    .         Reflect  .   k - ring of wizardry
rCorr    .         Harm     .   (no ring)
MR       .....                  (no ring)
Stlth    +++.......             (no ring)
HPRegen  0.10/turn              (no ring)
MPRegen  0.12/turn              (no ring)
                                (no ring)
                                (no ring)

@: very slightly contaminated
A: almost no armour, stealthy swim, amphibious, 8 rings, constrict 8, camouflage
1, gelatinous body 1
a: no special abilities


You were on level 3 of the Dungeon.
You were not hungry.

You visited 1 branch of the dungeon, and saw 3 of its levels.

You collected 83 gold pieces.

Inventory:

Hand Weapons
 b - a +0 dagger (weapon)
Armour
 a - a +0 hat (worn)
Jewellery
 k - a ring of wizardry (left tentacle)
Wands
 l - a wand of disintegration (12)
 p - a wand of iceblast (6)
Scrolls
 d - a scroll of blinking
 h - 2 scrolls of fog {unknown}
 i - a scroll of enchant weapon {unknown}
 j - a scroll of immolation {unknown}
 m - 2 scrolls of identify {unknown}
 s - a scroll of teleportation {unknown}
Potions
 e - 3 potions of curing {unknown}
 f - a potion of resistance {unknown}
 g - 2 potions of lignification {unknown}
 n - a potion of heal wounds {unknown}
 o - a potion of might {unknown}
 q - a potion of brilliance {unknown}
Comestibles
 c - 5 rations


   Skills:
 - Level 2.0 Dodging
 + Level 3.7 Stealth
 + Level 3.4 Spellcasting
 - Level 3.1 Conjurations
 - Level 1.8 Summonings
 - Level 1.8 Translocations
 - Level 0.5 Fire Magic


You had 2 spell levels left.
You knew the following spells:

 Your Spells              Type           Power        Failure   Level  Hunger
a - Magic Dart            Conj           ###.         1%          1    None
b - Blink                 Tloc           N/A          3%          2    ##.....
c - Call Imp              Summ           ##......     3%          2    ##.....
d - Conjure Flame         Conj/Fire      ##......     7%          3    ###....

Your spell library contained the following spells:

 Spells                   Type           Power        Failure   Level  Hunger
 Slow                     Hex            #.......     8%          2    ##.....
 Mephitic Cloud           Conj/Pois/Air  #.......     10%         3    ###....


Dungeon Overview and Level Annotations

Branches:
Dungeon (3/15)

Altars:
Nemelex Xobeh


Innate Abilities, Weirdness & Mutations

You cannot wear most types of armour.
You are very stealthy in the water. (Stealth+)
You are amphibious.
You can wear up to eight rings at the same time.
You can use your tentacles to constrict eight enemies at once.
Your skin changes colour to match your surroundings (Stealth+).
Your rubbery body absorbs attacks. (AC +1, EV +1)


Message History

You closely miss something. You squeeze something. Something hits you.
Your crimson imp hits something but does no damage.
You barely miss something. Something hits you.
Your crimson imp barely misses something.
You hit something but do no damage. Something hits you.
Your crimson imp barely misses something.
You miss something. Something completely misses you.
Your crimson imp hits something.
You hit something but do no damage. Something hits you.
Your crimson imp closely misses something.
You miss something. Something hits you.
Your crimson imp barely misses something.
You closely miss something. Something hits you.
* * * LOW HITPOINT WARNING * * *
Your crimson imp closely misses something.
You miss something. Your squeeze misses something.
You hear some strange, mumbled words.
A magic dart appears from out of thin air!
The magic dart hits you!
You die...

.....# #.# #.._..#
###..# #.## #.⌠.⌠## #..#
#..# #.#.## #..######
##[# #...#
#.......######)# ###.#
#.#####.#...##.#####.#
#....##.#...##5......#
###....<........{#######
........#.)....5@5.....#
###.....#......[.#####.#
##...####...##.#
##.#####...##.#
#............#
##############


You could see 3 friendly crimson imps.

Vanquished Creatures
  A worker ant (D:3)
  3 adders
  An ooze (D:3)
  2 worms (D:2)
  A dart slug (D:2)
  2 leopard geckos
  8 orcs (D:3)
  A ball python (D:2)
  3 giant cockroaches
  5 goblins
  8 hobgoblins
  4 bats
  7 frilled lizards
  11 kobolds
  5 rats (D:2)
62 creatures vanquished.

Vanquished Creatures (collateral kills)
  2 adders (D:2)
  A bat (D:2)
3 creatures vanquished.

Grand Total: 65 creatures vanquished

Notes
Turn   | Place    | Note
-------+----------+-------------------------------------------
     0 | D:1      | Devam the Octopode Wizard began the quest for the Orb.
     0 | D:1      | Reached XP level 1. HP: 11/11 MP: 4/4
   512 | D:1      | Reached XP level 2. HP: 17/17 MP: 3/6
  1230 | D:1      | Learned a level 2 spell: Blink
  1233 | D:1      | Learned a level 2 spell: Call Imp
  1317 | D:2      | Reached XP level 3. HP: 21/21 MP: 2/7
  1615 | D:2      | Learned a level 3 spell: Conjure Flame
  1707 | D:2      | Reached XP level 4. HP: 27/27 MP: 3/8
  2671 | D:3      | Found a sparkling altar of Nemelex Xobeh.
  3440 | D:3      | Reached XP level 5. HP: 30/31 MP: 4/10
  3727 | D:3      | Killed from afar by an orc wizard

Skill      XL: |  1  2  3  4 |
---------------+-------------+-----
Conjurations   | 2 3 |  3.1
Stealth        | 3 |  3.7
Dodging        | |  2.0
Spellcasting   | |  3.4
Summonings     | |  1.8
Translocations | |  1.8
Fire Magic     | |  0.5

Action                   |  1- 3 |  4- 6 || total
-------------------------+-------+-------++-------
Melee: Dagger            |    30 |    21 ||    51
       Constrict         |    10 |     2 ||    12
       Unarmed           |     4 |       ||     4
       Tentacles         |     3 |     1 ||     4
 Cast: Magic Dart        |    53 |    80 ||   133
       Call Imp          |     5 |    11 ||    16
       Blink             |       |     1 ||     1
       Conjure Flame     |       |     1 ||     1
  Use: Scroll            |       |     1 ||     1
 Stab: Sleeping          |     1 |       ||     1
  Eat: Chunk             |     2 |     7 ||     9
Armor: Skin              |     1 |     3 ||     4
Dodge: Dodged            |    29 |    12 ||    41
